 Dungeon Crawl Stone Soup version 0.29-a0-207-gf982a884d8 (console) character file.

Game seed: 18129284988337662061

203 jejorda2 the Shooter (level 5, -1/32 HPs)
             Began as a Deep Elf Hunter on Feb 23, 2022.
             Slain by an orc
             ... wielding a +0 flail
              (6 damage)
             ... on level 4 of the Dungeon.
             The game lasted 00:07:38 (2722 turns).

jejorda2 the Shooter (Deep Elf Hunter)              Turns: 2722, Time: 00:07:39

Health: -1/32      AC:  6    Str:  9    XL:     5   Next: 51%
Magic:  7/7        EV: 11    Int: 22    God:
Gold:   93         SH:  0    Dex: 20    Spells: 4/4 levels left

rFire   + . .      SeeInvis .   a - +1 shortbow
rCold   . . .      Faith    .   (shield currently unavailable)
rNeg    . . .      Spirit   .   d - +0 ring mail
rPois   +          Reflect  .   (no helmet)
rElec   .          Harm     .   (no cloak)
rCorr   +          Rampage  .   (no gloves)
Will    .....                   q - +0 pair of boots
Stlth   ++........              (no amulet)
HPRegen 0.10/turn               h - ring "Fetiviu" {Contam rPois rF+ Int+6 Dex+3}
MPRegen 0.10/turn               l - ring of resist corrosion

@: no status effects
A: no striking features
a: no special abilities


You were on level 4 of the Dungeon.
You visited 1 branch of the dungeon, and saw 4 of its levels.

You collected 93 gold pieces.

Inventory:

Hand Weapons
 a - a +1 shortbow (weapon)
Armour
 b - a +0 leather armour
 d - a +0 ring mail (worn)
 q - a +0 pair of boots (worn)
Magical Staves
 m - a staff of cold
Jewellery
 h - the ring "Fetiviu" (left hand) {Contam rPois rF+ Int+6 Dex+3}
   (You found it on level 2 of the Dungeon)

   [ring of intelligence]

   Int:       It affects your intelligence (+6).
   Dex:       It affects your dexterity (+3).
   rF:        It protects you from fire.
   rPois:     It protects you from poison.
   Contam:    It causes magical contamination when unequipped.
 l - a ring of resist corrosion (right hand)
Wands
 n - a wand of iceblast (5)
Scrolls
 c - 3 scrolls of identify {unknown}
 j - 2 scrolls of enchant weapon {unknown}
 k - a scroll of immolation {unknown}
 o - a scroll of vulnerability {unknown}
Potions
 e - a potion of degeneration {unknown}
 f - 3 potions of curing {unknown}
 g - a potion of brilliance {unknown}
 i - a potion of mutation {unknown}
 p - a potion of flight {unknown}


   Skills:
 + Level 2.8 Fighting
 * Level 7.7 Bows
 - Level 3.0 Dodging
 - Level 2.0 Stealth


You had 4 spell levels left.
You didn't know any spells.
Your spell library contained the following spells:

 Spells                   Type           Power      Damage    Failure   Level
 Sublimation of Blood     Necr           0%         N/A       56%         2
 Wereblood                Tmut           0%         N/A       56%         2
 Conjure Flame            Conj/Fire      0%         6-21      80%         3
 Gell's Gravitas          Tloc           0%         N/A       80%         3
 Ignite Poison            Fire/Tmut/Pois 0%         N/A       80%         3
 Teleport Other           Tloc           0%         N/A       80%         3
 Sticky Flame             Conj/Fire      0%         2d3       99%         4
 Dispersal                Tloc           0%         N/A       100%        6
 Summon Hydra             Summ           0%         N/A       100%        7


Dungeon Overview and Level Annotations

Branches:
Dungeon (4/15)             Temple (0/1) D:4

Altars:
Elyvilon

Shops:
D:1 (


Message History

Aim: an orc, wielding a +0 club (67% to hit)
You shoot an arrow. The arrow hits the orc!
You kill the orc!
The orc hits you with a +0 flail.
Shoot: a) +1 shortbow
Press: ? - help, Q - select action, (/) - cycle Shift-Dir - straight line, f - orc
Aim: an orc, wielding a +0 flail and wearing a +0 leather armour (lightly wounded, 67% to hit)
You shoot an arrow. The arrow closely misses the orc.
The orc barely misses you.
Shoot: a) +1 shortbow
Press: ? - help, Q - select action, (/) - cycle Shift-Dir - straight line, f/p - orc
Aim: an orc, wielding a +0 flail and wearing a +0 leather armour (lightly wounded, 67% to hit)
You shoot an arrow. The arrow closely misses the orc.
The orc hits you with a +0 flail.
* * * LOW HITPOINT WARNING * * *
Shoot: a) +1 shortbow
Press: ? - help, Q - select action, (/) - cycle Shift-Dir - straight line, f/p - orc
Aim: an orc, wielding a +0 flail and wearing a +0 leather armour (lightly wounded, 67% to hit)
You shoot an arrow. The arrow barely misses the orc.
The orc barely misses you.
Shoot: a) +1 shortbow
Press: ? - help, Q - select action, (/) - cycle Shift-Dir - straight line, f/p - orc
Aim: an orc, wielding a +0 flail and wearing a +0 leather armour (lightly wounded, 67% to hit)
You shoot an arrow. The arrow hits the orc.
The orc is severely wounded.
The orc barely misses you. The orc closely misses you.
Shoot: a) +1 shortbow
Press: ? - help, Q - select action, (/) - cycle Shift-Dir - straight line, f/p - orc
Aim: an orc, wielding a +0 flail and wearing a +0 leather armour (severely wounded, 67% to hit)
You shoot an arrow. The arrow barely misses the orc.
The orc hits you with a +0 flail.
* * * LOW HITPOINT WARNING * * *
Shoot: a) +1 shortbow
Press: ? - help, Q - select action, (/) - cycle Shift-Dir - straight line, f/p - orc
Aim: an orc, wielding a +0 flail and wearing a +0 leather armour (heavily wounded, 67% to hit)
You shoot an arrow.
The arrow hits the orc but does no damage.
The orc is heavily wounded.
The orc hits you with a +0 flail.
You die...

#..........#####
#.#.#######.....#
##.#. #.###.#
....#######.###.##
................#
..###....####...#
#. #..###..###..#
#.###.##))....# #
#.@o†....)##....
####.....## .
#.....## ##.....#
#.##......
#..###..##
+....#### ###.....
##..##


You could see an orc.

Vanquished Creatures
  A hound (D:3)
  A hound skeleton (D:4)
  6 adders
  2 worms (D:2)
  A dart slug (D:3)
  10 orcs
  6 endoplasms
  2 giant cockroaches (D:1)
  8 goblins
  5 hobgoblins
  6 jackals
  3 quokkas
  11 ball pythons
  6 bats
  7 frilled lizards
  6 kobolds
  7 rats
88 creatures vanquished.

Vanquished Creatures (others)
  11 plants (D:2)
11 creatures vanquished.

Grand Total: 99 creatures vanquished

Notes
Turn   | Place    | Note
-------+----------+-------------------------------------------
     0 | D:1      | jejorda2 the Deep Elf Hunter began the quest for the Orb.
     0 | D:1      | Reached XP level 1. HP: 12/12 MP: 3/3
   212 | D:1      | Found Legoren's Antique Weapon Shop.
   223 | D:1      | Reached XP level 2. HP: 7/17 MP: 4/4
   911 | D:1      | Reached XP level 3. HP: 21/21 MP: 5/5
  1064 | D:2      | Identified the ring "Fetiviu" {Contam rPois rF+ Int+6
                  | Dex+3}
  1182 | D:2      | Reached skill level 6 in Bows
  1350 | D:2      | Found a white marble altar of Elyvilon.
  1544 | D:2      | Reached XP level 4. HP: 23/26 MP: 6/6
  1736 | D:2      | Found a faded altar of an unknown god.
  2013 | D:3      | Reached skill level 7 in Bows
  2262 | D:3      | Reached XP level 5. HP: 24/31 MP: 7/7
  2624 | D:4      | Found a staircase to the Ecumenical Temple.
  2722 | D:4      | Slain by an orc

Illustrated notes

Levels and vault maps discovered:
D:1:      dpeg_arrival_pits, layout_loops_ring, serial_shops, shop
D:2:      layout_loops_ring, dilly_ecumenical_altar_fadedgnrine, basic_altar
D:3:      layout_rooms, nicolae_figureground_sparkle
D:4:      layout_loops_corners, lemuel_coloured_pillars_altar,
          minmay_temple_entry_large_hall, serial_glass, glass_columns_b,
          glass_columns_a, glass_columns_a, glass_columns_a,
          minmay_strange_pillars, feat_on_display, grunt_ministairs_12,
          chequers_serial_rivers_room_b, minmay_misc_feat_iff

Skill      XL: |  1  2  3  4 |
---------------+-------------+-----
Stealth        | 2 |  2.0
Fighting       | 2 |  2.8
Bows           | 6 7 |  7.7
Dodging        | 3 |  3.0

Action                   |  1- 3 |  4- 6 || total
-------------------------+-------+-------++-------
 Fire: Shortbow          |   106 |   116 ||   222
Armor: Ring mail         |    17 |    15 ||    32
Dodge: Dodged            |    30 |    34 ||    64

Table legend: (Time is in decaauts)
 A = Elapsed time spent in this place.
 B = Non-inter-level travel time spent in this place.
 C = Inter-level travel time spent in this place.
 D = Time resting spent in this place.
 E = Time spent auto-exploring this place.
 F = Levels seen in this place.
 G = Mean time per level.
                   A        B        C        D        E       F      G
               +--------+--------+--------+--------+--------+-----+--------+
         Total |   2792 |   2701 |     91 |    254 |   1955 |   4 |  698.0 |
       Dungeon |   2792 |   2701 |     91 |    254 |   1955 |   4 |  698.0 |
               +--------+--------+--------+--------+--------+-----+--------+

Top non-repeatable levels by time:
     D:1: 1060 daAuts
     D:3: 838 daAuts
     D:2: 776 daAuts
     D:4: 117 daAuts
